 Dungeon Crawl Stone Soup version 0.28.0 (webtiles) character file.

Game seed: 15004644730645600736

26794 AmazingTV the Nimble (level 13, -5/91 HPs)
             Began as a Spriggan Venom Mage on July 7, 2022.
             Was a Priest of Vehumet.
             Slain by a titanic slime creature (74 damage)
             ... on level 12 of the Dungeon.
             The game lasted 02:06:58 (17569 turns).

AmazingTV the Nimble (Spriggan Venom Mage)         Turns: 17569, Time: 02:06:58

Health: -5/91      AC:  7    Str: 10    XL:     13   Next: 0%
Magic:  27/27      EV: 34    Int: 21    God:    Vehumet [***...]
Gold:   830        SH:  0    Dex: 26    Spells: 19/31 levels left

rFire   . . .      SeeInvis +   b - +4 long sword of Crystal {venom, *Rage Will+ Int+4, long}
rCold   . . .      Faith    .   (no shield)
rNeg    . . .      Spirit   .   m - +2 robe of Grace {Regen+ Str+6 Archmagi}
rPois   .          Reflect  .   l - +1 hat {Will+}
rElec   .          Harm     .   t - +1 cloak {rCorr}
rCorr   +          Rampage  .   (gloves unavailable)
Will    ++++.      Archmagi +   (boots unavailable)
Stlth   .......... Rage     20% (no amulet)
HPRegen 1.05/turn               X - ring of wizardry
MPRegen 0.20/turn               N - +6 ring of dexterity

@: berserking (expiring), studying Poison Magic, very quick
A: very small, no large weapons, unfitting armour, see invisible, speed 3
a: Renounce Religion


You were on level 12 of the Dungeon.
You worshipped Vehumet.
Vehumet was most pleased with you.
You visited 2 branches of the dungeon, and saw 13 of its levels.
You also visited: Bailey and Gauntlet.

You collected 890 gold pieces.
You spent 60 gold pieces at shops.


Innate Abilities, Weirdness & Mutations

You are very small and have problems with some larger weapons.
You are too small for most types of armour.
You have supernaturally acute eyesight. (SInv)
You cover ground extremely quickly. (Speed+++)


   Skills:
 + Level 3.9 Fighting
 + Level 8.5 Short Blades
 * Level 14.4 Dodging
 - Level 11.6 Stealth
 + Level 9.8 Spellcasting
 - Level 9.5 Transmutations
 * Level 3.9 Fire Magic
 + Level 4.3 Air Magic
 - Level 8.0 Poison Magic
 - Level 6.9 Evocations


You had 19 spell levels left.
You knew the following spells:

 Your Spells              Type           Power      Damage    Failure   Level
a - Sting                 Tmut/Pois      100%       1d8       1%          1
b - Poisonous Vapours     Pois/Air       100%       N/A       1%          2
c - Olgreb's Toxic Radia  Pois           60%        N/A       1%          4
d - Scorch                Fire           80%        2d9       1%          2
e - Mephitic Cloud        Conj/Pois/Air  41%        N/A       1%          3

Your spell library contained the following spells:

 Spells                   Type           Power      Damage    Failure   Level
 Ignite Poison            Fire/Tmut/Pois 57%        N/A       1%          3
 Stone Arrow              Conj/Erth      30%        3d8       2%          3
 Yara's Violent Unravell  Hex/Tmut       22%        3d10      3%          5
 Call Canine Familiar     Summ           15%        N/A       9%          3
 Portal Projectile        Hex/Tloc       30%        N/A       9%          3
 Tukima's Dance           Hex            15%        N/A       9%          3
 Anguish                  Hex/Necr       7%         N/A       26%         4
 Animate Armour           Summ/Erth      30%        N/A       26%         4
 Animate Dead             Necr           7%         N/A       26%         4
 Cause Fear               Hex            7%         N/A       26%         4
 Leda's Liquefaction      Hex/Erth       7%         N/A       26%         4
 Passage of Golubria      Tloc           15%        N/A       26%         4
 Dragon Form              Tmut           33%        N/A       38%         7
 Enfeeble                 Hex            7%         N/A       100%        7
 Haunt                    Necr/Summ      7%         N/A       100%        7
 Infestation              Necr           7%         N/A       100%        8
 Lehudib's Crystal Spear  Conj/Erth      7%         10d3      100%        8
 Dragon's Call            Summ           7%         N/A       100%        9

Inventory:

Hand Weapons
 a - a +2 short sword of venom {short}
   (You took it off Robin on level 3 of the Dungeon)
 b - the +4 long sword of Crystal (weapon) {venom, *Rage Will+ Int+4, long}
   (You found it on level 6 of the Dungeon)

   It poisons the flesh of those it strikes.
   Int:       It affects your intelligence (+4).
   *Rage:     It berserks you when you make melee attacks (+20% chance).
   Will:      It increases your willpower.
 M - a +4 short sword of holy wrath {short}
   (You took it off an orc on level 8 of the Dungeon)
 R - a +0 hand crossbow of freezing {crossbow}
   (You took it off a kobold on level 9 of the Dungeon)
Missiles
 n - 124 bolts
 y - 30 poisoned darts
 G - 217 arrows
 K - 2 curare-tipped darts {=f}
Armour
 l - a +1 hat of willpower (worn)
   (You found it in a Gauntlet)
 m - the +2 robe of Grace (worn) {Regen+ Str+6 Archmagi}
   (You took it off a goblin on level 2 of the Dungeon)

   Str:       It affects your strength (+6).
   Regen:     It increases your rate of health regeneration.
   Archmagi:  It increases the power of your magical spells.
 q - a +2 robe of fire resistance
   (You took it off Sigmund on level 3 of the Dungeon)
 t - a +1 cloak of preservation (worn)
   (You took it off Crazy Yiuf on level 3 of the Dungeon)
 z - a +2 hat
   (You found it in a Gauntlet)
 C - a scarf of shadows
   (You found it in a Gauntlet)
 F - a +2 robe of willpower
   (You took it off an orc wizard on level 11 of the Dungeon)
 P - a +2 robe of cold resistance
   (You took it off Fannar on level 11 of the Dungeon)
Magical Staves
 e - a staff of cold {!astaff}
   (You found it on level 12 of the Dungeon)
 B - a staff of earth {!astaff}
   (You found it on level 5 of the Dungeon)
 H - a staff of conjuration {!astaff}
   (You found it in a Gauntlet)
 I - a staff of air {!astaff}
   (You took it off a minotaur in a Gauntlet)
Jewellery
 d - a +6 ring of intelligence
   (You found it on level 12 of the Dungeon)
 g - a +6 ring of dexterity
   (You found it on level 1 of the Dungeon)
 N - a +6 ring of dexterity (right hand)
   (You found it on level 8 of the Dungeon)
 O - a +4 ring of evasion
   (You found it on level 9 of the Dungeon)
 V - a +4 ring of slaying
   (You found it on level 10 of the Dungeon)
 X - a ring of wizardry (left hand)
   (You found it on level 11 of the Dungeon)
 Z - a ring of ice
   (You took it off Fannar on level 11 of the Dungeon)
Wands
 i - a wand of mindburst (3)
   (You took it off Ijyb on level 3 of the Dungeon)
 p - a wand of polymorph (10)
   (You took it off Sigmund on level 3 of the Dungeon)
 u - a wand of acid (9)
   (You took it off an orc on level 4 of the Dungeon)
 D - a wand of paralysis (11)
   (You found it on level 5 of the Dungeon)
 J - a wand of iceblast (25)
   (You found it on level 7 of the Dungeon)
 T - a wand of flame (9)
   (You found it on level 10 of the Dungeon)
Scrolls
 c - 4 scrolls of amnesia
 f - 5 scrolls of teleportation {@r4}
 k - 4 scrolls of fog
 o - a scroll of fear {unknown}
 r - a scroll of blinking {!r}
 w - a scroll of magic mapping {!r}
 x - a scroll of enchant armour {unknown}
 W - a scroll of torment {unknown}
Potions
 h - a potion of mutation {!q}
 j - 3 potions of cancellation
 s - 2 potions of invisibility
 A - 2 potions of curing {@q1}
 E - a potion of berserk rage {!q}
 L - a potion of haste {@q3}
 Q - a potion of flight {unknown}
 S - a potion of magic {unknown}
 U - a potion of might {unknown}
Miscellaneous
 v - a phantom mirror
   (You found it on level 11 of the Dungeon)
 Y - a lightning rod (4/4)
   (You found it on level 11 of the Dungeon)

Dungeon Overview and Level Annotations

Branches:
Dungeon (12/15)            Temple (1/1) D:7            Lair (0/6) D:8
    Orc (0/2) D:12         Bailey (visited)         Gauntlet (visited)

Altars:
Ashenzari
Cheibriados
Dithmenos
Elyvilon
Fedhas
Gozag
Hepliaklqana
Kikubaaqudgha
Makhleb
Nemelex Xobeh
Okawaru
Qazlal
Ru
Sif Muna
Trog
Uskayaw
Vehumet
Wu Jian
Xom
Yredelemnul
Zin
The Shining One

Shops:
D:3 *   D:5 *   D:9 :

Annotations:
D:3 3 runed translucent doors, owl's ghost, amateur MiFi
D:8 exclusion: statue, Estrea's ghost, novice MiGl
D:11 3 runed translucent doors, Grum; alena's ghost, novice MiFi
D:12 exclusion: ice statue

*,,,,,,,,,* #.#
*,,.......* #.#
*,,.......* ###.#######*
*,,..)o.o.*****
#..........*
***#......,,,,*
#.#.....^..* #.....J,,,,*
#.########## *,.....,,,,*
#...........
****#..#################.
*#oJ@........<.......
####################


You could see a titanic slime creature (extremely poisoned) and an orc warrior.


Message History

The orc priest shouts!
The orc wizard shouts!
You hear a shout!
An orc comes into view. It is wielding a +0 club.
The orc priest begins to cast a cantrip, but forgets the words!
The slime creature quivers.
You see here a potion of attraction {!q}.
Casting: Scorch (safe; 1% risk of failure)
Confirm with . or Enter, or press ? or * to list all spells.
You feel a surge of power!
You begin to radiate toxic energy.
The orc warrior shouts!
The orc warrior is poisoned.
The orc wizard is poisoned.
The orc priest is poisoned.
The orc is poisoned.
The orc wizard shouts!
The orc wizard is poisoned.
The slime creature quivers.
The orc priest looks even sicker.
The slime creature completely misses you. 😎 MP[-4]
You lost 4 mp, and now have 23/27 mp.
You hit the slime creature.
The orc wizard looks even sicker.
The slime creature completely misses you.
The slime creature hits you! 😮 HP[-16]
You take 16 damage, and now have 45/61 hp.
MASSIVE DAMAGE!! (PAUSE) 😕 HP[+1]
Your +2 short sword of venom {short} stops dripping with poison.
You feel clever.
The +4 long sword of Crystal {venom, *Rage Will+ Int+4, long} begins to drip with poison!
b - the +4 long sword of Crystal (weapon)
{venom, *Rage Will+ Int+4, long} You kill the orc!
Vehumet accepts your kill.
You feel your power returning.
Two slime creatures merge to form a large slime creature. 😕 HP[+1] MP[+1]
You hit the large slime creature.
The large slime creature is poisoned.
Your toxic aura wanes.
Two slime creatures merge to form a large slime creature. 😕 HP[+1]
You slash the large slime creature!
The large slime creature looks as sick as possible!
Two slime creatures merge to form a very large slime creature.
The large slime creature completely misses you. 😕 HP[+1] MP[+1]
You hit the large slime creature. Vehumet accepts your kill.
You feel your power returning.
You feel a bit more experienced.
The large slime creature completely misses you.
Two slime creatures merge to form a titanic slime creature. 😕 HP[+1] MP[+1]
You barely miss the titanic slime creature.
The orc wizard looks more healthy.
The titanic slime creature barely misses you. 😕 HP[+1]
You slash the titanic slime creature!
The titanic slime creature closely misses you. 😕 HP[+2]
You regained 2 hp, and now have 53/61 hp.
A red film seems to cover your vision as you go berserk!
You feel yourself moving faster!
You feel mighty!
You slash the titanic slime creature!
The titanic slime creature hits you. 😕 HP[+26] MP[+1]
You now have 91 max hp (+30).
You regained 26 hp, and now have 79/91 hp.
Your mp is fully restored (27).
You slash the titanic slime creature!
You kill the orc wizard!
Vehumet accepts your kill.
Vehumet offers you knowledge of Ignite Poison.
The titanic slime creature misses you. 😕 HP[+1]
You slash the titanic slime creature!
The titanic slime creature completely misses you. 😕 HP[+1]
You slash the titanic slime creature! You slice the titanic slime creature!!
The titanic slime creature looks as sick as possible!
The titanic slime creature completely misses you. 😕 HP[+1]
You barely miss the titanic slime creature.
The titanic slime creature completely misses you. 😕 HP[+1]
You slash the titanic slime creature!
The titanic slime creature hits you! 😕 HP[-7]
You take 7 damage, and now have 76/91 hp.
You slash the titanic slime creature!
The titanic slime creature looks as sick as possible!
The titanic slime creature misses you. 😕 HP[+1]
You slash the titanic slime creature!
The titanic slime creature looks as sick as possible!
You slash the titanic slime creature! You punch the titanic slime creature.
The titanic slime creature hits you! 😮 HP[-10]
You take 10 damage, and now have 67/91 hp.
You completely miss the titanic slime creature.
The titanic slime creature misses you. 😮 HP[+1]
You slash the titanic slime creature! The titanic slime creature hits you!!!!
Ouch! That really hurt!
You die...

Skill      XL: |  1  2  3  4  5  6  7  8  9 10 11 12 |
---------------+-------------------------------------+-----
Dodging        | 3 4 5 6 7 9 11 12 14 | 14.4
Stealth        | 4 5 6 7 9 10 11 | 11.6
Spellcasting   | 3 4 5 6 7 8 9 |  9.8
Transmutations | 2 3 4 5 6 7 9 |  9.5
Short Blades   | 1 2 3 4 5 6 7 8 |  8.5
Poison Magic   | 4 5 6 7 8 |  8.0
Evocations     | 2 3 5 6 |  6.9
Air Magic      | 2 4 |  4.3
Fighting       | 2 3 |  3.9
Fire Magic     | 3 |  3.9

Action                   |  1- 3 |  4- 6 |  7- 9 | 10-12 | 13-15 || total
-------------------------+-------+-------+-------+-------+-------++-------
Melee: Dagger            |    66 |   155 |       |       |       ||   221
       Punch             |     1 |     5 |     8 |    13 |     1 ||    28
       Short sword       |       |    27 |   229 |   471 |     1 ||   728
       Long sword        |       |       |    23 |   200 |    17 ||   240
 Cast: Sting             |    33 |    45 |   102 |   240 |       ||   420
       Poisonous Vapours |       |       |       |    17 |       ||    17
       Scorch            |       |       |       |    17 |       ||    17
       Olgreb's Toxic Ra |       |       |       |     1 |     1 ||     2
Evoke: Wand              |       |       |       |     8 |       ||     8
  Use: Scroll            |       |     1 |       |    17 |       ||    18
       Potion            |       |       |       |     7 |       ||     7
 Stab: Sleeping          |     2 |    11 |    26 |    36 |       ||    75
       Distracted        |     1 |       |     1 |     2 |       ||     4
Armor: Robe              |     7 |    27 |    16 |    65 |       ||   115
Dodge: Dodged            |    51 |   184 |   230 |   872 |    12 ||  1349

Levels and vault maps discovered:
D:1:      dpeg_arrival_ratfight, layout_loops_ring, minmay_misc_feat_rugged
D:2:      layout_rooms, minmay_joined_circles
D:3:      kb_forest_paths, layout_basic, tgw_trog, ebering_ghost_rock_garden,
          serial_shops, shop, minmay_liquid_box, uniq_crazy_yiuf_cottage,
          uniq_ijyb, uniq_sigmund, uniq_robin
D:4:      layout_cave_pools, nemelex_xobeh_ov_fountains_minmay, serial_park,
          serial_park_square2, serial_park_tiny_1, serial_park_square3
          [serial_park_minivault_5x5_7]
D:5:      layout_loops_ring, pf_just_have_faith, elyvilon_altar_3,
          mainiacjoe_overflow_alcove_1, serial_shops, shop_statue,
          kennysheep_generic_room_9, uniq_menkaure
D:6:      layout_rooms, mainiacjoe_overflow_catwalk, minmay_misc_feat_plants,
          uniq_prince_ribbit1
D:7:      layout_cave_pools, mainiacjoe_overflow_chevrons,
          lemuel_mausoleum_altar_kikubaaqudgha, mainiacjoe_overflow_brackets,
          minmay_temple_entry_mist, enter_bailey_2, minmay_misc_feat_encased
D:8:      layout_basic, vehumet_statue, lemuel_crystal_altar,
          minmay_lair_entry_grove, gammafunk_ghost_stat_death
D:9:      nzn_winding_woodlands_medium [nzn_winding_woodlands_hourglass,
          nzn_winding_woodlands_5x15_lazy_stream,
          nzn_winding_woodlands_5x5_default, nzn_winding_woodlands_5x5_three,
          nzn_winding_woodlands_center_pierced_h,
          nzn_winding_woodlands_5x5_perimeter, nzn_winding_woodlands_5x5_cross,
          nzn_winding_woodlands_5x15_cabin,
          nzn_winding_woodlands_5x5_checkerboard], layout_rooms,
          nicolae_shop_self_help
D:10:     layout_irregular_city
D:11:     minmay_the_grid_four_pointed_star_mashed
          [minmay_the_grid_triangle_9x9_wacky_v,
          minmay_the_grid_triangle_9x9_tough_junction,
          minmay_the_grid_triangle_9x9_checkered,
          minmay_the_grid_triangle_9x9_dagger, minmay_the_grid_prize_trominoes],
          layout_small_grid, ebering_ghost_rock_garden, minivault_4,
          cheibriados_altar_1, uniq_grum, uniq_fannar, uniq_nergalle
D:12:     layout_basic, david_orc_1_choice, gauntlet_entry_generic,
          minivault_16, david_defended_altar_orc, uniq_maurice, uniq_psyche
Temple:   bh_familiar_temple

Notes
Turn   | Place    | Note
-------+----------+-------------------------------------------
     0 | D:1      | AmazingTV the Spriggan Venom Mage began the quest for the
                  | Orb.
     0 | D:1      | Reached XP level 1. HP: 9/9 MP: 5/5
     0 | D:1      | magus.rc [v1.9.6]
   327 | D:1      | Reached XP level 2. HP: 13/13 MP: 0/6
   445 | D:1      | Reached skill level 3 in Dodging
  1085 | D:2      | HP: 3/13 [poisoned by an adder]
  1088 | D:2      | HP: 1/13 [poisoned by an adder]
  1441 | D:2      | Reached skill level 4 in Stealth
  1464 | D:2      | Reached XP level 3. HP: 15/16 MP: 1/8
  1546 | D:2      | Reached skill level 3 in Spellcasting
  1557 | D:2      | Identified the +2 robe of Grace {Regen+ Str+6 Archmagi}
  2088 | D:2      | Reached skill level 2 in Transmutations
  2263 | D:2      | Reached skill level 1 in Short Blades
  2456 | D:2      | HP: 4/16 [poisoned by an adder]
  2458 | D:2      | Reached XP level 4. HP: 6/21 MP: 0/9
  2949 | D:3      | HP: 4/17 [orc priest (2)]
  2953 | D:3      | Noticed Sigmund
  3756 | D:3      | Found Fun Xerch's Assorted Antiques.
  4123 | D:3      | Noticed Ijyb
  4138 | D:3      | Killed Ijyb
  4139 | D:3      | Reached skill level 4 in Dodging
  4215 | D:3      | Reached XP level 5. HP: 20/24 MP: 2/11
  4293 | D:3      | Reached skill level 5 in Stealth
  4428 | D:3      | Killed Sigmund
  4429 | D:3      | Reached skill level 2 in Short Blades
  4429 | D:3      | Reached skill level 3 in Transmutations
  4429 | D:3      | Reached XP level 6. HP: 26/28 MP: 0/12
  4586 | D:3      | Reached skill level 5 in Dodging
  4586 | D:3      | Reached skill level 6 in Stealth
  4819 | D:3      | Noticed Robin
  5015 | D:3      | Killed Robin
  5016 | D:3      | Reached skill level 4 in Spellcasting
  5158 | D:3      | Found a runed translucent gate.
  5158 | D:3      | Found a runed translucent gate.
  5158 | D:3      | Found a runed translucent gate.
  5158 | D:3      | Noticed owl's ghost (amateur MiFi)
  5233 | D:3      | Noticed a moth of wrath
  5283 | D:3      | Found a runed translucent door.
  5284 | D:3      | Noticed Crazy Yiuf
  5361 | D:3      | Killed Crazy Yiuf
  5598 | D:4      | Reached XP level 7. HP: 9/32 MP: 11/14
  5598 | D:4      | HP: 8/32 [orc wizard (2)]
  5709 | D:4      | Found a sparkling altar of Nemelex Xobeh.
  5844 | D:4      | Learned a level 2 spell: Poisonous Vapours
  5849 | D:4      | Learned a level 4 spell: Olgreb's Toxic Radiance
  6022 | D:4      | Noticed a steam dragon
  6024 | D:4      | Reached skill level 4 in Poison Magic
  6038 | D:4      | Killed a steam dragon
  6039 | D:4      | Reached skill level 3 in Short Blades
  6039 | D:4      | Reached skill level 7 in Stealth
  6039 | D:4      | Reached skill level 1 in Evocations
  6196 | D:5      | Entered Level 5 of the Dungeon
  6202 | D:5      | Noticed Menkaure
  6209 | D:5      | Killed Menkaure
  6210 | D:5      | Reached skill level 6 in Dodging
  6210 | D:5      | Reached skill level 4 in Transmutations
  6289 | D:5      | Reached skill level 2 in Evocations
  6289 | D:5      | Reached XP level 8. HP: 36/36 MP: 14/16
  6365 | D:5      | You add the spells Tukima's Dance, Passage of Golubria and
                  | Yara's Violent Unravelling to your library.
  6388 | D:5      | Found Igouts's General Store.
  6393 | D:5      | Bought a potion of heal wounds for 60 gold pieces
  6476 | D:5      | Reached skill level 8 in Stealth
  6514 | D:5      | Found a stormy altar of Qazlal.
  6714 | D:5      | Found a shimmering altar of Xom.
  6805 | D:5      | Found a white marble altar of Elyvilon.
  6905 | D:5      | Reached skill level 5 in Spellcasting
  6977 | D:5      | Reached skill level 7 in Dodging
  7135 | D:6      | Found a glowing silver altar of Zin.
  7154 | D:6      | You pick up a book of Maledictions and begin reading...
  7154 | D:6      | You add the spells Anguish and Enfeeble to your library.
  7205 | D:6      | Reached skill level 3 in Evocations
  7222 | D:6      | Identified the +4 long sword of Crystal {venom, *Rage Will+
                  | Int+4}
  7263 | D:6      | Noticed Prince Ribbit
  7270 | D:6      | Killed Prince Ribbit
  7271 | D:6      | Reached skill level 4 in Short Blades
  7271 | D:6      | Reached skill level 9 in Stealth
  7271 | D:6      | Reached skill level 5 in Transmutations
  7623 | D:7      | Found a staircase to the Ecumenical Temple.
  7630 | Temple   | Entered the Ecumenical Temple
  7919 | D:7      | HP: 9/36 [white imp/puff of frost (11)]
  7948 | D:7      | Reached XP level 9. HP: 27/39 MP: 18/18
  7969 | D:7      | Found a snail-covered altar of Cheibriados.
  8033 | D:7      | Reached skill level 8 in Dodging
  8040 | D:7      | Reached skill level 5 in Poison Magic
  8046 | D:7      | Found an ancient bone altar of Kikubaaqudgha.
  8099 | D:7      | Reached skill level 4 in Evocations
  8126 | D:7      | Reached skill level 6 in Spellcasting
  8147 | D:7      | Found a hide-covered altar of Uskayaw.
  8184 | D:7      | Found a flagged portal.
  8193 | Bailey   | Entered a bailey
  8193 | Bailey   | Identified a +0 crystal plate armour
  8221 | Bailey   | HP: 7/39 [orc warrior (5)]
  8223 | Bailey   | Reached skill level 6 in Transmutations
  8476 | Bailey   | Noticed an orc knight
  8477 | Bailey   | Noticed an orc knight
  8615 | Bailey   | Reached skill level 9 in Dodging
  8615 | Bailey   | Reached skill level 10 in Stealth
  8699 | Bailey   | Killed an orc knight
  8700 | Bailey   | Reached skill level 5 in Short Blades
  8700 | Bailey   | Reached skill level 5 in Evocations
  8749 | Bailey   | Killed an orc knight
  8750 | Bailey   | Reached XP level 10. HP: 44/44 MP: 3/20
  8859 | Bailey   | Noticed an orc knight
  8867 | Bailey   | HP: 1/44 [orc knight (22)]
  8868 | Bailey   | Killed an orc knight
  9090 | D:7      | You pick up a book of Armaments and begin reading...
  9090 | D:7      | You add the spells Stone Arrow, Animate Armour and
                  | Lehudib's Crystal Spear to your library.
  9290 | D:7      | Reached skill level 10 in Dodging
  9302 | D:7      | Reached skill level 7 in Transmutations
  9376 | D:7      | Reached skill level 7 in Spellcasting
  9426 | D:7      | Reached skill level 6 in Poison Magic
  9918 | D:8      | Found a hazy altar of Hepliaklqana.
  9918 | D:8      | Found a transporter.
  9969 | D:8      | Found a transporter.
 10043 | D:8      | Reached skill level 6 in Evocations
 10395 | D:8      | Noticed Estrea's ghost (novice MiGl)
 10420 | D:8      | Reached skill level 11 in Stealth
 10446 | D:8      | Reached skill level 6 in Short Blades
 10482 | D:8      | Reached skill level 11 in Dodging
 10669 | D:8      | Found a staircase to the Lair.
 10717 | D:8      | Found a radiant altar of Vehumet.
 10730 | D:8      | Became a worshipper of Vehumet
 10958 | D:8      | Noticed a gargoyle
 11121 | D:8      | You pick up a book of Death and begin reading...
 11121 | D:8      | You add the spells Animate Dead, Haunt and Infestation to
                  | your library.
 11266 | D:8      | Killed a gargoyle
 11267 | D:8      | Reached XP level 11. HP: 47/47 MP: 23/23
 11429 | D:8      | Reached skill level 8 in Transmutations
 11604 | D:9      | Found Vagimmuf's Self-Improvement Boutique.
 11976 | D:9      | Reached * piety under Vehumet
 11976 | D:9      | Offered knowledge of Shock by Vehumet.
 12390 | D:9      | Noticed a two-headed ogre
 12397 | D:9      | Killed a two-headed ogre
 12398 | D:9      | Reached skill level 8 in Spellcasting
 12398 | D:9      | Reached skill level 1 in Air Magic
 12404 | D:9      | Noticed a tengu warrior
 12405 | D:9      | Noticed a deep elf pyromancer
 12405 | D:9      | Noticed a centaur warrior
 12429 | D:9      | HP: 18/72 [centaur warrior (1)]
 12431 | D:9      | Killed a centaur warrior
 12432 | D:9      | Reached skill level 1 in Fighting
 12434 | D:9      | HP: 17/73 [poisoned by a kobold brigand]
 12437 | D:9      | HP: 6/73 [gnoll sergeant (3)]
 12531 | D:9      | Reached skill level 12 in Dodging
 12568 | D:9      | Reached skill level 7 in Poison Magic
 12629 | D:9      | Killed a deep elf pyromancer
 12812 | D:10     | Entered Level 10 of the Dungeon
 13209 | D:10     | Reached skill level 7 in Short Blades
 13211 | D:10     | Noticed a two-headed ogre
 13215 | D:10     | Killed a two-headed ogre
 13216 | D:10     | Reached skill level 2 in Air Magic
 13723 | D:11     | Noticed a skeletal warrior
 13738 | D:11     | Identified the +1 chain mail of Diepybud {rC+ Regen+ Dex-2
                  | Stlth+}
 13738 | D:11     | Noticed an orc knight
 13744 | D:11     | Reached skill level 2 in Fighting
 13772 | D:11     | Reached ** piety under Vehumet
 13785 | D:11     | Noticed a phantasmal warrior
 13805 | D:11     | Noticed a two-headed ogre
 13807 | D:11     | Noticed a two-headed ogre
 13859 | D:11     | Killed an orc knight
 13859 | D:11     | Offered knowledge of Scorch by Vehumet.
 13882 | D:11     | Killed a two-headed ogre
 13883 | D:11     | Reached skill level 9 in Transmutations
 14002 | D:11     | Noticed a boulder beetle
 14006 | D:11     | Killed a boulder beetle
 14008 | D:11     | Noticed a two-headed ogre
 14011 | D:11     | Killed a two-headed ogre
 14043 | D:11     | Noticed a rakshasa
 14045 | D:11     | You pick up a book of the Dragon and begin reading...
 14045 | D:11     | You add the spells Cause Fear, Dragon Form and Dragon's
                  | Call to your library.
 14068 | D:11     | Noticed a death knight
 14113 | D:11     | Found a runed translucent gate.
 14113 | D:11     | Found a runed translucent gate.
 14114 | D:11     | Found a runed translucent gate.
 14141 | D:11     | Noticed alena's ghost (novice MiFi)
 14159 | D:11     | Found a runed translucent door.
 14159 | D:11     | Found a runed translucent door.
 14159 | D:11     | Noticed a cyan ugly thing
 14230 | D:11     | Killed a cyan ugly thing
 14231 | D:11     | Reached XP level 12. HP: 56/56 MP: 19/25
 14287 | D:11     | Reached skill level 13 in Dodging
 14287 | D:11     | Reached skill level 1 in Fire Magic
 14434 | D:11     | Killed a two-headed ogre
 14502 | D:11     | Noticed Nergalle
 14506 | D:11     | Killed Nergalle
 14507 | D:11     | Reached skill level 3 in Air Magic
 14511 | D:11     | Learned a level 2 spell: Scorch
 14514 | D:11     | Noticed Grum
 14628 | D:11     | Reached skill level 9 in Spellcasting
 14727 | D:11     | Noticed a tengu warrior
 14765 | D:11     | Noticed Fannar
 14807 | D:11     | Killed Fannar
 14858 | D:11     | Reached skill level 3 in Fighting
 14858 | D:11     | Reached skill level 8 in Poison Magic
 15155 | D:11     | Found a snail-covered altar of Cheibriados.
 15299 | D:11     | Killed a tengu warrior
 15300 | D:11     | Reached skill level 2 in Fire Magic
 15393 | D:11     | Noticed a death knight
 15404 | D:11     | Noticed a two-headed ogre
 15411 | D:11     | Killed a two-headed ogre
 15412 | D:11     | Reached skill level 8 in Short Blades
 15964 | D:12     | Found a gate leading to a gauntlet.
 15975 | Gauntlet | Entered a Gauntlet
 15975 | Gauntlet | Found a transporter.
 15975 | Gauntlet | Found a transporter.
 15975 | Gauntlet | Found a transporter.
 15979 | Gauntlet | Found a transporter.
 15980 | Gauntlet | Found a transporter.
 15981 | Gauntlet | Found a large runed translucent door.
 15982 | Gauntlet | Found a large runed translucent door.
 15983 | Gauntlet | Found a large runed translucent door.
 15983 | Gauntlet | Found a large runed translucent door.
 15983 | Gauntlet | Found a runed translucent door.
 15983 | Gauntlet | Found a runed translucent door.
 15984 | Gauntlet | Found a large runed translucent door.
 15984 | Gauntlet | Found a large runed translucent door.
 15984 | Gauntlet | Found a large runed translucent door.
 15984 | Gauntlet | Found a large runed translucent door.
 15985 | Gauntlet | Found a large runed translucent door.
 15985 | Gauntlet | Found a large runed translucent door.
 15986 | Gauntlet | Found a large runed translucent door.
 15986 | Gauntlet | Found a large runed translucent door.
 15987 | Gauntlet | Found a runed translucent gate.
 15987 | Gauntlet | Found a runed translucent gate.
 15987 | Gauntlet | Found a runed translucent gate.
 15989 | Gauntlet | Found a transporter.
 15990 | Gauntlet | Noticed a death scarab
 15993 | Gauntlet | Found a transporter.
 16000 | Gauntlet | Noticed a death scarab
 16003 | Gauntlet | Found a transporter.
 16035 | Gauntlet | Found a large runed translucent door.
 16035 | Gauntlet | Found a large runed translucent door.
 16038 | Gauntlet | Found a large runed translucent door.
 16038 | Gauntlet | Found a large runed translucent door.
 16094 | Gauntlet | Found a transporter.
 16108 | Gauntlet | Found a transporter.
 16108 | Gauntlet | Found a transporter.
 16122 | Gauntlet | Found a transporter.
 16208 | Gauntlet | Offered knowledge of Inner Flame by Vehumet.
 16450 | Gauntlet | Noticed a minotaur
 16532 | Gauntlet | Killed a minotaur
 16533 | Gauntlet | Reached skill level 14 in Dodging
 16533 | Gauntlet | Reached skill level 3 in Fire Magic
 16559 | Gauntlet | You pick up a book of the Hunter and begin reading...
 16559 | Gauntlet | You add the spells Call Canine Familiar, Portal Projectile
                  | and Leda's Liquefaction to your library.
 16581 | D:12     | Found a bloodstained altar of Trog.
 16735 | D:12     | Found a staircase to the Orcish Mines.
 16879 | D:12     | Learned a level 3 spell: Mephitic Cloud
 16920 | D:12     | Reached skill level 4 in Air Magic
 17066 | D:12     | Reached *** piety under Vehumet
 17298 | D:12     | Noticed a six-headed hydra
 17303 | D:12     | Noticed Maurice
 17304 | D:12     | Noticed Psyche
 17305 | D:12     | Killed a six-headed hydra
 17311 | D:12     | Killed Maurice
 17318 | D:12     | Killed Psyche
 17547 | D:12     | Reached XP level 13. HP: 61/61 MP: 27/27
 17559 | D:12     | Offered knowledge of Ignite Poison by Vehumet.
 17569 | D:12     | Slain by a titanic slime creature

Vanquished Creatures
  A minotaur (Gauntlet)
  A boulder beetle (D:11)
  A hydra (D:12)
  Fannar (D:11)
  A centaur warrior (D:9)
  6 two-headed ogres
  A tengu warrior (D:11)
  3 slime creatures (D:12)
  Nergalle (D:11)
  A skeletal warrior (D:11)
  A deep elf pyromancer (D:9)
  2 manticores (D:11)
  4 orc knights
  An ugly thing (D:11)
  2 cyclopes
  Maurice (D:12)
  A gargoyle (D:8)
  A smoke demon (Gauntlet)
  Psyche (D:12)
  A kobold demonologist (D:12)
  A tengu conjurer (D:11)
  5 trolls
  A queen bee (shapeshifter) (D:12)
  A hornet (D:9)
  Prince Ribbit (D:6)
  A spectral black mamba (Gauntlet)
  Sigmund (D:3)
  6 wyverns
  2 shadows
  3 wraiths
  A vampire (D:8)
  A basilisk (D:11)
  A steam dragon (D:4)
  A vampire mosquito (D:9)
  Menkaure (D:5)
  2 acid dragons
  3 wargs (D:12)
  6 water moccasins
  14 orc warriors
  An ice beast (D:6)
  A hornet zombie (D:7)
  4 black bears
  5 necrophages
  2 sky beasts (D:7)
  3 wolves
  5 centaurs
  2 ogres
  5 kobold brigands
  2 bullfrogs
  A wyvern zombie (D:7)
  A scorpion (D:7)
  2 gnoll sergeants
  A water moccasin skeleton (D:5)
  A killer bee (D:9)
  6 wights (D:7)
  10 howler monkeys
  An electric eel (D:9)
  2 crimson imps (Gauntlet)
  A bullfrog zombie (D:7)
  4 centaur zombies
  A human zombie (D:7)
  A quasit (D:8)
  3 hounds
  2 gnoll shamans
  9 orc priests
  Crazy Yiuf (D:3)
  A bullfrog skeleton (D:5)
  2 centaur skeletons
  Ijyb (D:3)
  3 iguanas
  10 orc wizards
  3 killer bee zombies
  A mummy (D:7)
  2 howler monkey zombies
  Robin (D:3)
  13 gnolls
  A howler monkey skeleton (D:5)
  7 adders
  2 white imps
  An ufetubus (D:7)
  3 worms
  3 dart slugs
  43 orcs
  10 endoplasms
  2 giant cockroaches
  11 goblins
  7 hobgoblins
  10 quokkas
  8 ball pythons
  4 bats
  3 frilled lizards
  25 kobolds
  10 rats
348 creatures vanquished.

Vanquished Creatures (others)
  11 fungi
  25 plants
36 creatures vanquished.

Grand Total: 384 creatures vanquished

Table legend:
 A = Non-vault XP
 B = Vault XP
 C = Vault XP percentage of total XP
 D = Non-vault monster count
 E = Vault monster count
 F = Vault count percentage of total count
                 A         B        C        D         E       F
            +---------+---------+-------+---------+---------+-------
      Total |   15870 |   22408 |  58.5 |     203 |     145 |  41.7
            +---------+---------+-------+---------+---------+-------
        D:1 |      16 |       7 |  30.4 |      12 |       6 |  33.3
        D:2 |      47 |      35 |  42.7 |      11 |      13 |  54.2
        D:3 |     208 |     394 |  65.4 |      22 |      20 |  47.6
        D:4 |     390 |       3 |   0.8 |      21 |       2 |   8.7
        D:5 |     715 |     165 |  18.8 |      16 |       1 |   5.9
        D:6 |     495 |     259 |  34.4 |      10 |       1 |   9.1
        D:7 |    1454 |     848 |  36.8 |      36 |      12 |  25.0
        D:8 |    1620 |    2023 |  55.5 |      17 |      13 |  43.3
        D:9 |     946 |    4057 |  81.1 |      16 |      18 |  52.9
       D:10 |    1699 |     111 |   6.1 |      15 |       1 |   6.2
       D:11 |    4067 |    8350 |  67.2 |      11 |      17 |  60.7
       D:12 |    4213 |    1753 |  29.4 |      16 |      14 |  46.7
     Bailey |       0 |    2662 | 100.0 |       0 |      22 | 100.0
   Gauntlet |       0 |    1741 | 100.0 |       0 |       5 | 100.0
            +---------+---------+-------+---------+---------+-------

Illustrated notes

Table legend:
 A = Kills in this place as a percentage of kills in entire the game.
 B = Kills by you in this place as a percentage of kills by you in the entire game.
 C = Kills by friends in this place as a percentage of kills by friends in the entire game.
 D = Other kills in this place as a percentage of other kills in the entire game.
 E = Experience gained in this place as a percentage of experience gained in the entire game.
 F = Experience gained in this place divided by the number of levels of this place that you have seen.
                   A       B       C       D       E      F
               +-------+-------+-------+-------+-------+----------------------
         Total | 100.0 | 100.0 |   N/A |   N/A | 100.0 | 2551.9
       Dungeon |  92.2 |  92.2 |   N/A |   N/A |  88.5 | 2822.9
        Bailey |   6.3 |   6.3 |   N/A |   N/A |   7.0 | 2662.0
      Gauntlet |   1.4 |   1.4 |   N/A |   N/A |   4.5 | 1741.0
               +-------+-------+-------+-------+-------+----------------------

Table legend: (Time is in decaauts)
 A = Elapsed time spent in this place.
 B = Non-inter-level travel time spent in this place.
 C = Inter-level travel time spent in this place.
 D = Time resting spent in this place.
 E = Time spent auto-exploring this place.
 F = Levels seen in this place.
 G = Mean time per level.
                   A        B        C        D        E       F      G
               +--------+--------+--------+--------+--------+-----+--------+
         Total |  13343 |  12705 |    638 |   4268 |   3950 |  15 |  889.5 |
       Dungeon |  12092 |  11609 |    483 |   3939 |   3791 |  12 | 1007.7 |
        Temple |    157 |      3 |    154 |      0 |      0 |   1 |  157.0 |
        Bailey |    657 |    657 |      0 |    208 |     63 |   1 |  657.0 |
      Gauntlet |    436 |    436 |      0 |    120 |     96 |   1 |  436.0 |
               +--------+--------+--------+--------+--------+-----+--------+

Top non-repeatable levels by time:
     D:2: 1880 daAuts
    D:11: 1608 daAuts
     D:3: 1559 daAuts
     D:8: 1246 daAuts
     D:1: 1094 daAuts
     D:9: 1012 daAuts
     D:7: 929 daAuts
    D:12: 753 daAuts
  Bailey: 657 daAuts
    D:10: 641 daAuts
     D:5: 575 daAuts
Gauntlet: 436 daAuts
     D:4: 397 daAuts
     D:6: 394 daAuts
  Temple: 157 daAuts
